 Dungeon Crawl Stone Soup version 0.31.0-1-g2c135a0 (webtiles) character file.

Game seed: 2375175043764488529

57 edsrzf the Slasher (level 4, 0/29 HPs)
             Began as an Octopode Reaver on Jan 31, 2024.
             Slain by a gnoll
             ... wielding a +0 club
              (4 damage)
             ... on level 2 of the Dungeon.
             The game lasted 00:02:02 (698 turns).

edsrzf the Slasher (Octopode Reaver)                 Turns: 698, Time: 00:02:03

Health: 0/29       AC:  1    Str: 11    XL:     4   Next: 0%
Magic:  7/7        EV: 13    Int: 17    God:
Gold:   65         SH:  0    Dex: 10    Spells: 6/7 levels left

rFire   . . .        a - +0 long sword
rCold   . . .        (no shield)
rNeg    + . .        (helmet restricted)
rPois   .            (no amulet)
rElec   .            e - ring of positive energy
rCorr   .            (no ring)
SInv    .            (no ring)
Will    .....        (no ring)
Stlth   +++          (no ring)
HPRegen 0.24/turn    (no ring)
MPRegen 0.10/turn    (no ring)
                     (no ring)

%: no passive effects
@: no status effects
A: almost no armour, amphibious, 8 rings, camouflage 1, gelatinous body 1,
(nimble swimmer 1), tentacles
a: no special abilities


You were on level 2 of the Dungeon.
You visited 1 branch of the dungeon, and saw 2 of its levels.

You collected 65 gold pieces.

Inventory:

Hand Weapons
 a - a +0 long sword (weapon)
Jewellery
 e - a ring of positive energy (left tentacle)
Scrolls
 c - a scroll of enchant armour {unknown}
 d - a scroll of teleportation {unknown}
 g - a scroll of revelation {unknown}
Potions
 b - a potion of mutation {unknown}
 f - 2 potions of attraction {unknown}


   Skills:
 - Level 2.0 Fighting
 + Level 3.9 Long Blades
 - Level 2.0 Dodging
 + Level 3.5 Stealth
 - Level 2.0 Spellcasting
 - Level 3.0 Conjurations


You had 6 spell levels left.
You knew the following spells:

 Your Spells              Type           Power      Damage    Failure   Level
a - Kiss of Death         Conj/Necr      24%        2d7       11%         1

Your spell library contained the following spells:

 Spells                   Type           Power      Damage    Failure   Level
 Momentum Strike          Conj/Tloc      12%        3d8       16%         2
 Summon Small Mammal      Summ           4%         N/A       19%         1
 Blink                    Tloc           2%         N/A       28%         2
 Lesser Beckoning         Tloc           2%         N/A       28%         2
 Hailstorm                Conj/Ice       6%         3d5       30%         3
 Call Canine Familiar     Summ           1%         N/A       50%         3
 Summon Blazeheart Golem  Fire/Summ      1%         N/A       88%         4


Dungeon Overview and Level Annotations

Branches:
Dungeon (1/15)

Altars:


Innate Abilities, Weirdness & Mutations

You cannot wear most types of armour.
You are amphibious.
You can wear up to eight rings at the same time.
Your skin changes colour to match your surroundings (Stealth+).
Your rubbery body absorbs attacks. (AC +1, EV +1)
((You are camouflaged when in or above water. (Stealth+)))
You have tentacles for arms and can constrict up to eight enemies at once.


Message History

You kill the ribbon worm!
g - a +0 long sword (weapon)
Adjust (i)tems, (s)pells, or (a)bilities?
g - a +0 long sword (weapon)
Adjust to which letter? (? for menu, Esc to quit)
a - a +0 long sword (weapon);
g - a +0 falchion You drop a +0 falchion.
HP restored.
A bat comes into view.
You see here a ruby potion.
f - 2 ruby potions (gained 1)
A jackal comes into view.
Found a scroll labelled VOUMYEPUIG and 8 gold pieces.
A bat comes into view.
The bat moves out of view.
Found a dark potion.
The helpless bat fails to defend itself.
You hit the bat. Your grab misses the bat.
The bat is moderately wounded.
The bat barely misses you. The bat closely misses you.
You hit the bat.
You kill the bat! 2 jackals come into view.
The jackal barks!
A goblin comes into view. It is wielding a +0 club.
You barely miss the jackal.
The jackal barks!
The goblin shouts!
You grab the jackal. You squeeze the jackal.
The jackal is severely wounded.
You constrict the jackal.
You kill the jackal!
The jackal misses you.
You slash the jackal!
You kill the jackal!
The bat hits you.
You barely miss the bat. Your grab misses the bat. The bat barely misses you.
The bat closely misses you.
You closely miss the bat. You grab the bat. You constrict the bat.
The bat barely misses you.
The bat escapes!
The bat closely misses you.
You closely miss the bat. You grab the bat.
The bat is moderately wounded.
You constrict the bat, but do no damage.
The bat completely misses you.
The bat struggles to escape constriction.
The bat escapes!
You hit the goblin but do no damage. Your grab misses the goblin.
Your squeeze misses the goblin. The bat hits you. The goblin misses you.
Unknown command.
You slash the goblin!
You kill the goblin!
The bat misses you. The bat completely misses you.
You barely miss the bat. Your grab misses the bat.
The bat is moderately wounded.
The bat misses you. The bat closely misses you.
You hit the bat.
You kill the bat!
Items here: ) †††.
g - a scroll labelled VOUMYEPUIG You now have 65 gold pieces (gained 8).
Found a stone staircase leading down.
A frilled lizard comes into view.
Found a leather armour.
A frilled lizard is nearby!
An adder comes into view.
The helpless frilled lizard fails to defend itself.
You hit the frilled lizard.
You kill the frilled lizard!
The adder hisses angrily.
The adder barely misses you.
You barely miss the adder. Your grab misses the adder. You squeeze the adder.
The adder is lightly wounded.
The adder barely misses you. The adder closely misses you.
You closely miss the adder. You grab the adder.
The adder is lightly wounded.
You constrict the adder. The adder closely misses you. x2
You hit the adder.
The adder is almost dead.
You constrict the adder.
You kill the adder!
A frilled lizard comes into view.
The frilled lizard hisses angrily.
You hear a shout!
A gnoll comes into view.
It is wielding a +0 spear. 3 gnolls come into view.
Found a stone staircase leading down.
The gnoll shouts! x2
The gnoll moves out of view.
You barely miss the frilled lizard. Your grab misses the frilled lizard.
The gnoll closely misses you. The frilled lizard bites you.
The gnoll hits you from afar with a +0 spear.
The frilled lizard misses you.
You hit the frilled lizard.
You kill the frilled lizard!
The gnoll hits you from afar with a +0 spear!
You have reached level 4!
The gnoll attacks as it pursues you!
The gnoll hits you from afar with a +0 spear!
* * * LOW HITPOINT WARNING * * *
The gnoll attacks as it pursues you! The gnoll hits you with a +0 club.
You die...

#.# #.# .....# #.# .....#
... #.#.###
#.############## #.....
#.####..............#
....#
#..g.gg#####..#####.##
....####
#.#####..##.....##
†.......
#g##........###... )...#
#@##.##..##.# #.## ...##
#...# #.##.##..##.###.#
#.## #...#
#...............# #.#
#...# #.##.#.##########
#.# #...# ###.##.#.##
.†######...###.........#
#.)...............#.#..#
#.................#.#..##
#.......................


You could see 3 gnolls.

Vanquished Creatures
  2 adders (D:2)
  A dart slug (D:2)
  2 ribbon worms (D:2)
  3 endoplasms (D:1)
  A giant cockroach (D:1)
  2 hobgoblins
  2 jackals (D:2)
  2 quokkas (D:1)
  3 ball pythons
  3 bats
  5 frilled lizards
  5 goblins
  A kobold (D:2)
  A rat (D:1)
33 creatures vanquished.

Notes
Turn   | Place    | Note
-------+----------+-------------------------------------------
     0 | D:1      | edsrzf the Octopode Reaver began the quest for the Orb.
     0 | D:1      | Reached XP level 1. HP: 14/14 MP: 3/3
    98 | D:1      | Reached skill level 1 in Stealth
   144 | D:1      | Reached XP level 2. HP: 19/19 MP: 5/5
   223 | D:1      | Reached skill level 2 in Stealth
   436 | D:1      | You fall into a shaft and drop 1 floor!
   454 | D:2      | Reached XP level 3. HP: 21/24 MP: 6/6
   525 | D:2      | Reached skill level 3 in Stealth
   697 | D:2      | Reached XP level 4. HP: 12/29 MP: 7/7
   698 | D:2      | Slain by a gnoll

Illustrated notes

Levels and vault maps discovered:
D:1:      ncdulo_wetmaze, layout_loops_ring, minmay_misc_feat_hallway
D:2:      layout_loops_cross, chequers_serial_rivers_micro_a

Skill      XL: |  1  2  3 |
---------------+----------+-----
Stealth        | 1 2 3 |  3.5
Fighting       | |  2.0
Long Blades    | |  3.9
Dodging        | |  2.0
Spellcasting   | |  2.0
Conjurations   | |  3.0

Action                     |  1- 3 |  4- 6 || total
---------------------------+-------+-------++-------
  Melee: Falchion          |    48 |       ||    48
         Tentacles         |    12 |       ||    12
         Constrict         |    12 |       ||    12
         Long sword        |    17 |       ||    17
   Stab: Sleeping          |     9 |       ||     9
         Distracted        |     1 |       ||     1
 Armour: Skin              |    20 |     2 ||    22
  Dodge: Dodged            |    40 |       ||    40
